 Dungeon Crawl Stone Soup version 0.30-b1-2-g02819fbbbe (webtiles) character file.

Game seed: 8407416786343793842

13 Alarkh the Shooter (level 2, 22/22 HPs)
             Began as a Demonspawn Hunter on May 23, 2023.
             Got out of the dungeon alive.
             The game lasted 00:00:19 (175 turns).

Alarkh the Shooter (Demonspawn Hunter)               Turns: 175, Time: 00:00:20

Health: 22/22      AC:  3    Str: 11    XL:     2   Next: 24%
Magic:  2/2        EV: 11    Int: 10    God:
Gold:   14         SH:  0    Dex: 16    Spells: 1/1 levels left

rFire   . . .        a - +0 shortbow
rCold   . . .        (shield currently unavailable)
rNeg    . . .        c - +0 leather armour
rPois   .            (no helmet)
rElec   .            (no cloak)
rCorr   .            (no gloves)
SInv    .            (no boots)
Will    .....        (no amulet)
Stlth   +            (no ring)
HPRegen 0.23/turn    (no ring)
MPRegen 0.08/turn

%: no passive effects
@: no status effects
A: claws 1
a: no special abilities


You escaped.
You visited 1 branch of the dungeon, and saw 1 of its levels.

You collected 14 gold pieces.

Inventory:

Hand Weapons
 a - a +0 shortbow (weapon)
Armour
 c - a +0 leather armour (worn)
Scrolls
 b - a scroll of immolation
 d - a scroll of fog {unknown}
 e - 2 scrolls of magic mapping {unknown}
 h - a scroll of identify {unknown}
Potions
 f - a potion of heal wounds {unknown}
 g - a potion of mutation {unknown}
 i - a potion of attraction {unknown}


   Skills:
 - Level 2.0 Fighting
 + Level 4.2 Ranged Weapons
 - Level 1.7 Dodging
 - Level 0.8 Stealth


You had one spell level left.
You didn't know any spells.
Your spell library contained the following spells:

 Spells                   Type           Power      Damage    Failure   Level
 Blink                    Tloc           0%         N/A       58%         2
 Lesser Beckoning         Tloc           0%         N/A       58%         2
 Momentum Strike          Conj/Tloc      0%         3d8       58%         2
 Leda's Liquefaction      Hex/Erth       0%         N/A       99%         4
 Lee's Rapid Deconstruct  Erth           0%         3d4*      100%        5
 Statue Form              Tmut/Erth      0%         N/A       100%        6


Dungeon Overview and Level Annotations

Branches:
Dungeon (1/15)

Altars:


Innate Abilities, Weirdness & Mutations

You have sharp fingernails.


Message History

The jackal barely misses you.
You shoot an arrow. The arrow hits the jackal!
You kill the jackal!
No target in view!
No target in view!
No target in view!
No target in view!
No target in view!
No target in view!
No target in view!
No target in view!
No target in view!
No target in view!
No target in view!
Found 8 stones.
There is an escape hatch in the floor here.
You now have 9 gold pieces (gained 2).
A ball python comes into view.
You see here 8 stones.
A ball python is nearby!
A ball python is nearby!
A ball python is nearby!
You shoot an arrow. The ball python hisses angrily.
The arrow hits the ball python.
You kill the ball python!
No target in view!
No target in view!
You now have 14 gold pieces (gained 5).
Found 7 stones.
No target in view!
No target in view!
You pick up a book of Spatial Translocations and begin reading...
You add the spells Blink, Momentum Strike and Lesser Beckoning to your library.
g - a fuming brown potion
h - a scroll labelled OTIOCRICIU
i - a dark potion
There is a staircase leading out of the dungeon here.
Are you sure you want to leave the Dungeon?
This will make you lose the game!
You have escaped!

...##.........###.....
.####.....####...##.....
#≈~.......#.###..##.....
#~........#..~#..##.....
#.........#..##.....)...
#............#.........
#....~~~.....#.........
##...~...~....#.........
#....~.@.~..###.......>.
#....~...~....#.........
##....~~~....##.........
#.............#.........
#...........###.#.......
#~.#.........≈#........(
#≈≈#......##~###.....##.
.# ##.....# ##...#....##
....... ..####....


There were no monsters in sight!

Vanquished Creatures
  2 bats (D:1)
  An endoplasm (D:1)
  A goblin (D:1)
  A hobgoblin (D:1)
  4 jackals (D:1)
  2 ball pythons (D:1)
11 creatures vanquished.

Notes
Turn   | Place    | Note
-------+----------+-------------------------------------------
     0 | D:1      | Alarkh the Demonspawn Hunter began the quest for the Orb.
     0 | D:1      | Reached XP level 1. HP: 16/16 MP: 1/1
    70 | D:1      | Reached skill level 4 in Ranged Weapons
    73 | D:1      | Discovered your monstrous ancestry.
    73 | D:1      | Gained mutation: You have sharp fingernails. [demonic
                  | ancestry]
    73 | D:1      | Reached XP level 2. HP: 22/22 MP: 2/2
   175 | D:$      | Got out of the dungeon alive.

Illustrated notes

Levels and vault maps discovered:
D:1:      enne_arrival_octagon_isle, layout_rooms

Skill      XL: |  1 |
---------------+----+-----
Ranged Weapons | 4 |  4.2
Fighting       | |  2.0
Dodging        | |  1.7
Stealth        | |  0.8

Action                     || total
---------------------------++-------
   Fire: Shortbow          ||    27
 Armour: Leather armour    ||     1
  Dodge: Dodged            ||     5
